 Dungeon Crawl Stone Soup version 0.22.1-2-g9c5b331 (webtiles) character file.

165 nicolaieve the Cudgeler (level 5, -4/45 HPs)
             Began as a Minotaur Berserker on Dec 19, 2018.
             Was a Priest of Trog.
             Succumbed to a kobold's poison
             ... on level 4 of the Dungeon.
             The game lasted 00:06:54 (1771 turns).

nicolaieve the Cudgeler (Minotaur Berserker)        Turns: 1771, Time: 00:06:55

Health: -4/45      AC:  8    Str: 22    XL:     5   Next: 21%
Magic:  4/4        EV:  8    Int:  4    God:    Trog [***...]
Gold:   307        SH:  0    Dex: 10    Spells: 4/4 levels left

rFire    . . .     SeeInvis .   a - +0 mace
rCold    . . .     Gourm    .   (no shield)
rNeg     . . .     Faith    .   m - +0 chain mail
rPois    .         Spirit   .   (helmet restricted)
rElec    .         Reflect  .   (no cloak)
rCorr    .         Harm     .   (no gloves)
MR       .....                  (no boots)
Stlth    ..........             (no amulet)
HPRegen  0.15/turn              (no ring)
MPRegen  0.09/turn              (no ring)

@: lethally poisoned (-4 -> -44), berserk cooldown, slowed, very slow
A: retaliatory headbutt, horns 2
a: Berserk, Trog's Hand, Renounce Religion


You were on level 4 of the Dungeon.
You worshipped Trog.
Trog was most pleased with you.
You were very hungry.

You visited 1 branch of the dungeon, and saw 4 of its levels.

You collected 307 gold pieces.

Inventory:

Hand Weapons
 a - a +0 mace (weapon)
 l - a +0 dire flail
Missiles
 j - 67 stones (quivered)
Armour
 m - a +0 chain mail (worn)
Jewellery
 n - an uncursed ring of protection from fire {unknown}
 o - an uncursed ring of protection from magic {unknown}
Scrolls
 b - a scroll of blinking {unknown}
 e - 2 scrolls of identify {unknown}
 f - 7 scrolls of remove curse {unknown}
 i - 5 scrolls of teleportation {unknown}
Potions
 d - a potion of brilliance {unknown}
 g - a potion of heal wounds {unknown}
 h - a potion of flight {unknown}
 k - 2 potions of mutation {unknown}
Comestibles
 c - 4 rations
 p - 9 chunks of flesh


   Skills:
 - Level 3.6 Fighting
 + Level 7.2 Maces & Flails
 - Level 2.4 Armour
 - Level 2.1 Dodging


You had 4 spell levels left.
You didn't know any spells.
Your spell library was empty.

Dungeon Overview and Level Annotations

Branches:
Dungeon (4/15)
 Temple: D:4-7

Altars:
Fedhas


Innate Abilities, Weirdness & Mutations

You reflexively headbutt those who attack you in melee.
You have a pair of horns on your head.


Message History

There is a lethal amount of poison in your body!
There is a lethal amount of poison in your body!
There is a lethal amount of poison in your body!
* * * LOW HITPOINT WARNING * * *
You feel very sick.
The kobold hits the plant with a dagger.
The kobold hits you but does no damage.
You are more poisoned.
The kobold hits the plant with a dagger.
The kobold hits the plant but does no damage.
Items here: (( )) ††
* * * LOW HITPOINT WARNING * * *
You feel very sick.
The kobold hits the plant but does no damage.
The kobold hits you but does no damage.
You are more poisoned.
Things that are here:
a blowgun; 6 poisoned needles You barely miss the kobold.
You die...

#........##....
...P#
#........#####.
P(♣..#
#..##....#####.
...♣P.
####♣........#.
......♣
##P♣...#####...
. ...PP
##♣P♣.♣..# ##..
... ..P
#P.(.P#### ##.
.....♣K♣#♣).PP♣#
#.
......PKK@(♣.##
#.
......K♣♣(♣♣##
.. ..††...KK♣.#
... .§§....P. ##
. .§§.....#
..†....♣ ......♣
..†...


You could see a big kobold and 4 kobolds.

Vanquished Creatures
  An orc wizard (D:4)
  4 adders
  A shadow imp (D:2)
  A worm (D:4)
  2 dart slugs
  2 leopard geckos (D:1)
  6 orcs (D:4)
  4 ball pythons
  6 giant cockroaches
  8 goblins
  5 hobgoblins
  7 jackals
  3 quokkas
  6 bats
  6 frilled lizards
  18 kobolds
  9 rats
89 creatures vanquished.

Notes
Turn   | Place    | Note
-------+----------+-------------------------------------------
     0 | D:1      | nicolaieve the Minotaur Berserker began the quest for the
                  | Orb.
     0 | D:1      | Reached XP level 1. HP: 19/19 MP: 0/0
   165 | D:1      | Reached skill level 4 in Maces & Flails
   256 | D:1      | Reached XP level 2. HP: 22/26 MP: 1/1
   365 | D:1      | Reached ** piety under Trog
   499 | D:1      | Reached skill level 5 in Maces & Flails
   660 | D:2      | Reached XP level 3. HP: 31/31 MP: 2/2
   858 | D:2      | Reached skill level 6 in Maces & Flails
   858 | D:2      | Reached XP level 4. HP: 37/39 MP: 3/3
   926 | D:2      | Found a blossoming altar of Fedhas.
  1682 | D:4      | Reached skill level 7 in Maces & Flails
  1682 | D:4      | Reached XP level 5. HP: 31/45 MP: 4/4
  1683 | D:4      | Reached *** piety under Trog
  1770 | D:4      | HP: 1/45 [poisoned by a kobold]
  1771 | D:4      | Succumbed to a kobold's poison

Skill      XL: |  1  2  3  4 |
---------------+-------------+-----
Maces & Flails | 4 5 6 7 |  7.2
Fighting       | |  3.6
Armour         | |  2.4
Dodging        | |  2.1

Action                   |  1- 3 |  4- 6 || total
-------------------------+-------+-------++-------
Melee: Mace              |    64 |   100 ||   164
       Headbutt          |     9 |    11 ||    20
Invok: Berserk           |     1 |     2 ||     3
       Trog's Hand       |     1 |     1 ||     2
 Stab: Sleeping          |     1 |       ||     1
  Eat: Chunk             |     1 |     4 ||     5
Armor: Animal skin       |     7 |       ||     7
       Chain mail        |     3 |    68 ||    71
Dodge: Dodged            |    46 |    46 ||    92
